 Dungeon Crawl Stone Soup version 0.25-a0-429-g4e43983 (webtiles) character file.

Game seed: 6157648974753484835, levelgen mode: deterministic

7 AngryBottledMilk the Vexing (level 1, -1/10 HPs)
             Began as a Deep Elf Enchanter on Jan 25, 2020.
             Slain by a kobold
             ... wielding a +0 whip
              (6 damage)
             ... on level 1 of the Dungeon.
             The game lasted 00:01:06 (337 turns).

AngryBottledMilk the Vexing (Deep Elf Enchanter)     Turns: 337, Time: 00:01:06

Health: -1/10      AC:  2    Str:  5    XL:     1   Next: 83%
Magic:  5/6        EV: 13    Int: 19    God:
Gold:   13         SH:  0    Dex: 15    Spells: 5/6 levels left

rFire    . . .     SeeInvis .   a - +1 dagger
rCold    . . .     Gourm    +   (no shield)
rNeg     . . .     Faith    .   b - +0 robe
rPois    .         Spirit   .   (no helmet)
rElec    .         Reflect  .   (no cloak)
rCorr    .         Harm     .   (no gloves)
MR       .....                  (no boots)
Stlth    +++.......             f - amulet of the gourmand
HPRegen  0.03/turn              (no ring)
MPRegen  0.10/turn              (no ring)

@: no status effects
A: no striking features
a: no special abilities


You were on level 1 of the Dungeon.
You were not hungry.

You visited 1 branch of the dungeon, and saw 1 of its levels.

You collected 13 gold pieces.

Inventory:

Hand Weapons
 a - a +1 dagger (weapon)
Missiles
 c - 4 boomerangs (quivered)
 e - 9 poisoned darts
Armour
 b - a +0 robe (worn)
Jewellery
 f - an amulet of the gourmand (around neck)
Potions
 h - a potion of curing {unknown}
Comestibles
 d - a ration


   Skills:
 + Level 1.0 Short Blades
 + Level 2.4 Dodging
 + Level 3.8 Stealth
 + Level 3.1 Spellcasting
 + Level 4.3 Hexes


You had 5 spell levels left.
You knew the following spells:

 Your Spells              Type           Power        Failure   Level  Hunger
a - Corona                Hex            ###....      2%          1    None

Your spell library contained the following spells:

 Spells                   Type           Power        Failure   Level  Hunger
 Confusing Touch          Hex            ###.....     8%          3    ###....
 Tukima's Dance           Hex            ###.....     8%          3    ###....
 Ensorcelled Hibernation  Hex/Ice        ##....       10%         2    ##.....
 Dazzling Flash           Conj/Hex       ##....       19%         3    ###....


Dungeon Overview and Level Annotations

Branches:
Dungeon (1/15)

Altars:


Message History

The kobold throws a stone.
The stone hits you but does no damage.
You see here a stone.
The kobold hits you with a +0 whip.
You closely miss the kobold. The kobold misses you.
You hit the rat.
The rat is moderately wounded.
The rat bites you but does no damage. The kobold closely misses you.
You hit the rat but do no damage.
The rat is moderately wounded.
The rat closely misses you. The kobold hits you with a +0 whip.
You are too injured to fight recklessly!
You are too injured to fight recklessly!
You are too injured to fight recklessly!
You are too injured to fight recklessly!
You hit the rat.
The rat is severely wounded.
The rat twitches its whiskers.
The rat barely misses you. The kobold hits you with a +0 whip.
Ouch! That really hurt!
You die...

#..#............
##......##......
#...#...##....#
#...#...##(..# #
###...##.###...#####..##
#..........).(..........
#.#......###...####...#
#.#...##.......#.....#
..###.##.###...(@....#
.#....†..# #...#rK......
##.......# #...#.....#..
#.......# #####....##
.........# #....#
#........# #....#
########## #....# #....#


You could see a kobold and a rat.

Vanquished Creatures
  A dart slug (D:1)
  A leopard gecko (D:1)
  A goblin (D:1)
  A kobold (D:1)
4 creatures vanquished.

Notes
Turn   | Place    | Note
-------+----------+-------------------------------------------
     0 | D:1      | AngryBottledMilk the Deep Elf Enchanter began the quest for
                  | the Orb.
     0 | D:1      | Reached XP level 1. HP: 10/10 MP: 6/6
   337 | D:1      | Slain by a kobold

Levels and vault maps discovered:
D:1:      lemuel_arrival_river_ford, layout_rooms

Action                   || total
-------------------------++-------
Melee: Dagger            ||    17
 Cast: Corona            ||     4
 Stab: Sleeping          ||     1
  Eat: Chunk             ||     5
Armor: Robe              ||     1
Dodge: Dodged            ||    12

Table legend:
 A = Non-vault XP
 B = Vault XP
 C = Vault XP percentage of total XP
 D = Non-vault monster count
 E = Vault monster count
 F = Vault count percentage of total count
                 A         B        C        D         E       F
            +---------+---------+-------+---------+---------+-------
      Total |      10 |       0 |   0.0 |       4 |       0 |   0.0
            +---------+---------+-------+---------+---------+-------
        D:1 |      10 |       0 |   0.0 |       4 |       0 |   0.0
            +---------+---------+-------+---------+---------+-------
